 Dungeon Crawl Stone Soup version 0.27-a0-1196-g3e9cee4cb2 (webtiles) character file.

Game seed: 18292872565386539445

2744 funkygono the Thaumaturge (level 10, -8/64 HPs)
             Began as a Djinni Fire Elementalist on May 29, 2021.
             Was an Initiate of Ashenzari.
             Mangled by Harold
             ... wielding a +0 dire flail
              (18 damage)
             ... on level 8 of the Dungeon.
             The game lasted 00:21:59 (9900 turns).

funkygono the Thaumaturge (DjFE)                    Turns: 9900, Time: 00:22:00

Health: -8/64      AC:  4    Str:  8    XL:     10   Next: 0%
Gold:   278        EV:  6    Int: 19    God:    Ashenzari [......] SH:  0 Dex: 14

rFire    + + .     SeeInvis .   d - +2 short sword (vamp)
rCold    x . .     Faith    .   (no shield)
rNeg     . . .     Spirit   .   f - +0 leather armour
rPois    ∞         Reflect  .   r - +0 helmet
rElec    .         Harm     .   l - scarf {+Inv}
rCorr    .         Rampage  .   (no gloves)
Will     +....                  (boots unavailable)
Stlth    ++........             (no amulet)
HPRegen  0.20/turn              (no ring)
MPRegen  0.00/turn              (no ring)

@: flying, held
A: sickness immunity, fire resistance 2, cold vulnerability 1, float, innate
caster, hp casting, extra vitality 1
a: Renounce Religion, Evoke Invisibility, Curse Item


You were on level 8 of the Dungeon.
You worshipped Ashenzari.
Ashenzari was noncommittal.
You visited 2 branches of the dungeon, and saw 9 of its levels.

You collected 278 gold pieces.

Inventory:

Hand Weapons
 d - a +2 vampiric short sword (weapon)
 e - a +0 dagger
 s - a +1 rapier
Missiles
 i - 201 stones
 t - a throwing net
Armour
 a - a +0 robe
 f - a +0 leather armour (worn)
 l - a scarf of invisibility (worn)
 r - a +0 helmet (worn)
Magical Staves
 u - a staff of conjuration
Wands
 k - a wand of acid (8)
 o - a wand of polymorph (6)
Scrolls
 n - 2 scrolls of silence
 q - 2 scrolls of enchant weapon
 w - a scroll of teleportation
Potions
 b - 2 potions of resistance
 c - a potion of invisibility
 g - a potion of haste
 h - 4 potions of curing
 j - a potion of brilliance
 m - a potion of berserk rage
 v - 3 potions of lignification


   Skills:
 + Level 1.8 Fighting
 + Level 1.0 Short Blades
 + Level 4.1 Dodging
 + Level 3.2 Stealth
 * Level 9.5 Spellcasting


You had 3 spell levels left.
You knew the following spells:

 Your Spells              Type           Power      Damage    Failure   Level
a - Foxfire               Conj/Fire      100%       2x1d9     1%          1
b - Conjure Flame         Conj/Fire      45%        6-21      1%          3
c - Inner Flame           Hex/Fire       45%        N/A       1%          3
d - Sticky Flame          Conj/Fire      45%        2d6       2%          4
e - Fireball              Conj/Fire      22%        3d10      6%          5
f - Pain                  Necr           100%       1d9       1%          1
g - Static Discharge      Conj/Air       45%        N/A       1%          2
h - Call Imp              Summ           45%        N/A       1%          2
i - Animate Armour        Summ/Erth      90%        N/A       2%          4
Your spell library was empty.

Dungeon Overview and Level Annotations

Branches:
Dungeon (8/15)             Temple (1/1) D:7
   Lair: D:8-11

Altars:
Ashenzari
Cheibriados
Elyvilon
Fedhas
Gozag
Hepliaklqana
Kikubaaqudgha
Makhleb
Nemelex Xobeh
Okawaru
Qazlal
Ru
Sif Muna
Trog
Uskayaw
Vehumet
Wu Jian
Yredelemnul
Zin
The Shining One
Beogh

Shops:
D:5 ?((

Annotations:
D:3 3 runed translucent doors, jather's ghost, amateur HOMo
D:8 Harold


Innate Abilities, Weirdness & Mutations

You are immune to sickness and miasma.
You are immune to poison.
Your flesh is very heat resistant. (rF++)
You are vulnerable to cold. (rC-)
You float through the air rather than walking.
You learn spells naturally, not from books.
Your magical power is your life essence.
You have superior vitality. (+4 HP)


Message History

Your foxfire dissipates! x2
Your foxfire dissipates!
Harold throws a throwing net.
The throwing net hits you.
You become entangled in the net!
There is a stone staircase leading up here.
You see here a throwing net.
Casting: Foxfire (safe; 1% risk of failure)
Confirm with . or Enter, or press ? or * to list all spells.
You conjure some foxfire!
Casting: Foxfire (safe; 1% risk of failure)
Confirm with . or Enter, or press ? or * to list all spells.
You conjure some foxfire!
The foxfire hits Harold.
Harold is lightly wounded.
The foxfire hits Harold.
Harold is moderately wounded.
Casting: Foxfire (safe; 1% risk of failure)
Confirm with . or Enter, or press ? or * to list all spells.
You conjure some foxfire!
The foxfire hits Harold but does no damage.
Harold is moderately wounded.
The foxfire hits Harold.
Harold is moderately wounded.
Casting: Foxfire (safe; 1% risk of failure)
Confirm with . or Enter, or press ? or * to list all spells.
Aiming: Sticky Flame (dangerous; 2% risk of failure)
Press: ? - help, Shift-Dir - straight line, f - Harold
Aim: Harold, wielding a +0 dire flail, wearing a +0 scale mail of cold resistance and quivering 3 throwing nets (moderately wounded, ally target, 100% to hit)
The sticky flame hits Harold.
Harold is moderately wounded.
Harold is covered in liquid flames!
Harold burns!
The foxfire hits Harold.
Harold is heavily wounded.
The foxfire hits Harold.
Harold is heavily wounded.
Harold hits you with a +0 dire flail!!
You tear a large gash into the net.
Harold burns!
Harold hits you with a +0 dire flail!!
* * * LOW HITPOINT WARNING * * *
You struggle against the net.
Harold burns!
Harold hits you with a +0 dire flail!!
You die...

#. ... . #.#
... #.###.#
.;. ....###
..
#....###@...
+...........
#....#
#..@.#
#.@..#
#....#
#....#
+....+
#....#
#...?#
#....#
####..


You could see Harold (burning).

Vanquished Creatures
  A hornet (D:7)
  Sigmund (D:3)
  A steam dragon (D:7)
  Menkaure (D:5)
  A black bear (D:5)
  An ice beast (D:5)
  4 ogres
  A kobold brigand (D:8)
  2 bullfrogs (D:7)
  A wyvern zombie (D:7)
  A water moccasin zombie (D:6)
  A scorpion (D:5)
  2 water moccasin skeletons
  2 wights (D:8)
  A bullfrog zombie (D:6)
  2 hounds
  2 jellies (D:5)
  2 orc priests
  3 gnoll shamans
  4 iguanas
  3 orc wizards
  Natasha (thrice) (D:3)
  A howler monkey zombie (D:7)
  10 adders
  6 gnolls
  A river rat (D:5)
  A shadow imp (D:4)
  An ufetubus (D:5)
  3 worms
  A dart slug (D:1)
  17 orcs
  5 ball pythons
  6 endoplasms
  4 giant cockroaches
  10 goblins
  9 hobgoblins
  14 jackals
  6 quokkas
  8 bats
  4 frilled lizards
  9 kobolds
  5 rats
161 creatures vanquished.

Vanquished Creatures (collateral kills)
  A bullfrog (D:7)
  A bullfrog skeleton (D:7)
  A hound (D:6)
  2 jellies
  2 gnolls (D:6)
  An adder (D:4)
  An orc (D:7)
9 creatures vanquished.

Vanquished Creatures (others)
  575 foxfires
  19 fungi (D:8)
  27 plants (D:8)
621 creatures vanquished.

Grand Total: 791 creatures vanquished

Notes
Turn   | Place    | Note
-------+----------+-------------------------------------------
     0 | D:1      | funkygono the Djinni Fire Elementalist began the quest for
                  | the Orb.
     0 | D:1      | Reached XP level 1. HP: 15/15 MP: 0/0
   361 | D:1      | Reached XP level 2. HP: 21/21 MP: 0/0
   657 | D:1      | Reached skill level 3 in Spellcasting
   793 | D:1      | Reached XP level 3. HP: 24/25 MP: 0/0
   793 | D:1      | Learned a level 1 spell: Pain
  1668 | D:2      | Reached XP level 4. HP: 15/31 MP: 0/0
  2511 | D:3      | Noticed an ogre
  2539 | D:3      | Killed an ogre
  2540 | D:3      | Reached skill level 4 in Spellcasting
  2540 | D:3      | Reached XP level 5. HP: 3/35 MP: 0/0
  2540 | D:3      | Learned a level 2 spell: Static Discharge
  2867 | D:3      | Noticed Natasha
  2871 | D:3      | Killed Natasha
  2976 | D:3      | Noticed Sigmund
  2980 | D:3      | Noticed Natasha
  2987 | D:3      | Killed Natasha
  2987 | D:3      | Killed Sigmund
  2988 | D:3      | Reached skill level 5 in Spellcasting
  2988 | D:3      | Reached XP level 6. HP: 38/41 MP: 0/0
  3102 | D:3      | Reached XP level 7. HP: 38/46 MP: 0/0
  3102 | D:3      | Learned a level 2 spell: Call Imp
  3410 | D:3      | Noticed Natasha
  3429 | D:3      | Killed Natasha
  3531 | D:3      | Found a runed translucent gate.
  3531 | D:3      | Noticed jather's ghost (amateur HOMo)
  3531 | D:3      | Identified the +4 chain mail of Jiucath {Int+5}
  3532 | D:3      | Found a runed translucent gate.
  3533 | D:3      | Found a runed translucent gate.
  4452 | D:4      | Reached skill level 6 in Spellcasting
  4928 | D:5      | Entered Level 5 of the Dungeon
  5033 | D:5      | Found Jyan's Magic Scroll Shop.
  5082 | D:5      | Found Geklec's Antique Weapon Boutique.
  5381 | D:5      | Reached XP level 8. HP: 49/51 MP: 0/0
  5544 | D:5      | Reached skill level 1 in Fighting
  5922 | D:5      | Reached skill level 7 in Spellcasting
  5964 | D:5      | Noticed Menkaure
  5968 | D:5      | Killed Menkaure
  6223 | D:5      | Found Kiepuvug's Antique Weapon Boutique.
  6809 | D:6      | Reached XP level 9. HP: 55/57 MP: 0/0
  6809 | D:6      | Learned a level 4 spell: Animate Armour
  7157 | D:6      | Reached skill level 8 in Spellcasting
  7960 | D:7      | Found a staircase to the Ecumenical Temple.
  7972 | Temple   | Entered the Ecumenical Temple
  8132 | Temple   | Became a worshipper of Ashenzari the Shackled
  8940 | D:7      | Noticed a hornet
  8952 | D:7      | Killed a hornet
  8953 | D:7      | Reached skill level 9 in Spellcasting
  9706 | D:8      | Reached skill level 1 in Short Blades
  9706 | D:8      | Reached XP level 10. HP: 30/64 MP: 0/0
  9885 | D:8      | Noticed Harold
  9900 | D:8      | Mangled by Harold

Illustrated notes

Levels and vault maps discovered:
D:1:      sevenhm_arrival_forest_fort_large_2, layout_rooms
D:2:      layout_loops_corners
D:3:      layout_loops_cross, biasface_ghost_orc_armoury, uniq_natasha,
          uniq_sigmund
D:4:      layout_basic
D:5:      layout_basic, serial_shops, shop, shop, shop,
          lightli_sewer_entry_pipes, uniq_menkaure
D:6:      layout_basic
D:7:      layout_basic, minmay_temple_entry_sparse_star, st_stairs_2
D:8:      layout_basic, due_lair_maze_entry_diamond, serial_shops, shop,
          disabler_island, uniq_harold
Temple:   regret_index_temple_chain_breaker

Skill      XL: |  1  2  3  4  5  6  7  8  9 |
---------------+----------------------------+-----
Spellcasting   | 3 4 5 6 7 9 |  9.5
Stealth        | 2 3 |  3.2
Dodging        | 3 4 |  4.1
Fighting       | 1 |  1.8
Short Blades   | 1 |  1.0

Action                   |  1- 3 |  4- 6 |  7- 9 | 10-12 || total
-------------------------+-------+-------+-------+-------++-------
Melee: Dagger            |       |       |     1 |       ||     1
       Rapier            |       |       |     7 |       ||     7
 Cast: Foxfire           |    62 |    26 |   238 |    10 ||   336
       Pain              |       |       |    26 |       ||    26
       Call Imp          |       |       |    16 |       ||    16
       Sticky Flame      |       |       |    10 |     1 ||    11
       Conjure Flame     |       |       |     7 |       ||     7
       Animate Armour    |       |       |     1 |       ||     1
  Use: Scroll            |       |     3 |    10 |       ||    13
       Potion            |       |     1 |       |       ||     1
Armor: Robe              |     5 |     1 |     9 |       ||    15
Dodge: Dodged            |    10 |    12 |    44 |       ||    66

Table legend: (Time is in decaauts)
 A = Elapsed time spent in this place.
 B = Non-inter-level travel time spent in this place.
 C = Inter-level travel time spent in this place.
 D = Time resting spent in this place.
 E = Time spent auto-exploring this place.
 F = Levels seen in this place.
 G = Mean time per level.
                   A        B        C        D        E       F      G
               +--------+--------+--------+--------+--------+-----+--------+
         Total |   9899 |   9585 |    314 |    164 |   7587 |   9 | 1099.9 |
       Dungeon |   9718 |   9424 |    294 |    164 |   7554 |   8 | 1214.8 |
        Temple |    180 |    161 |     19 |      0 |     33 |   1 |  180.0 |
               +--------+--------+--------+--------+--------+-----+--------+

Top non-repeatable levels by time:
     D:7: 2132 daAuts
     D:2: 1455 daAuts
     D:5: 1396 daAuts
     D:3: 1367 daAuts
     D:6: 1223 daAuts
     D:4: 1140 daAuts
     D:1: 962 daAuts
  Temple: 180 daAuts
     D:8: 40 daAuts
